APP
SEATTLE (APP) MARINERS @ OAKLAND (APP) ATHLETICS
07/01/2044
 
TOP OF THE 1ST
Seattle (APP) Mariners batting - Pitching for Oakland (APP) Athletics : RHP Kyle Rasor
Pitching: RHP Kyle Rasor
Batting: RHB Kikuo Sato 0-0: Called Strike
0-1: Ball
1-1: Swinging Strike
1-2: Ball
2-2: SINGLE (Groundball, 56D, EV 106.2 MPH)
Batting: SHB Tony Morales 0-0: Ball
1-0: Called Strike
1-1: Ball
2-1: Swinging Strike
2-2: Strikes out swinging
Batting: LHB Ryan Lowe 0-0: Ball
Wild Pitch!
Kikuo Sato to second
1-0: Ball
2-0: Foul Ball, location: 2F
2-1: Called Strike
2-2: Strikes out looking
Batting: RHB Hideo Okimura 0-0: Ball
1-0: Swinging Strike
1-1: Fly out, F9 (Flyball, 89S, EV 85.0 MPH)
Top of the 1st over - 0 runs, 1 hit, 0 errors, 1 left on base; Seattle (APP) 0 - Oakland (APP) 0
BOTTOM OF THE 1ST
Oakland (APP) Athletics batting - Pitching for Seattle (APP) Mariners : RHP Ian Gaines
Pitching: RHP Ian Gaines
Batting: RHB Colin Coleman 0-0: Foul Ball, location: 2F
0-1: SINGLE (Groundball, 6MD, EV 98.1 MPH)
Batting: RHB Steve Blackshear 0-0: Called Strike
0-1: Foul Ball, location: 2F
0-2: Fly out, F7 (Flyball, 7, EV 78.8 MPH)
Batting: RHB Matt Black 0-0: Ball
1-0: Foul Ball, location: 2F
1-1: Ball
Wild Pitch!
Colin Coleman to second
2-1: Fly out, F6 (Line Drive, 6, EV 68.1 MPH)
Lined into DP, 6-4 (Line Drive, 6, EV 65.0 MPH)
Bottom of the 1st over - 0 runs, 1 hit, 0 errors, 0 left on base; Seattle (APP) 0 - Oakland (APP) 0
TOP OF THE 2ND
Seattle (APP) Mariners batting - Pitching for Oakland (APP) Athletics : RHP Kyle Rasor
Batting: RHB Chris Olheiser 0-0: Ball
1-0: Ball
2-0: Ball
3-0: Called Strike
3-1: Reached on error, E5 (Groundball, 56, EV 85.6 MPH)
Batting: RHB Enrique Valdez 0-0: Called Strike
0-1: Ball
1-1: Ball
2-1: Ball
3-1: Grounds into double play, 4-6-3 (Groundball, 34, EV 90.6 MPH)
Batting: RHB Ivan Davila 0-0: Foul Ball, location: 2F
0-1: Ball
1-1: Swinging Strike
1-2: Ball
2-2: Strikes out swinging
Top of the 2nd over - 0 runs, 0 hits, 1 error, 0 left on base; Seattle (APP) 0 - Oakland (APP) 0
BOTTOM OF THE 2ND
Oakland (APP) Athletics batting - Pitching for Seattle (APP) Mariners : RHP Ian Gaines
Batting: RHB Josh Whaley 0-0: Called Strike
0-1: Foul Ball, location: 2F
0-2: Ball
1-2: Ball
2-2: Ball
3-2: Foul Ball, location: 2F
3-2: Base on Balls
Batting: LHB Augustin Cormier 0-0: Ball
1-0: Ball
2-0: Ball
3-0: Called Strike
3-1: Foul Ball, location: 2F
3-2: Base on Balls
Josh Whaley to second
Batting: RHB Chris Temple 0-0: Ball
1-0: Foul Ball, location: 2F
1-1: Ground out 5-3 (Groundball, 56S, EV 66.2 MPH)
Josh Whaley to third
Augustin Cormier to second
Batting: LHB Al Soltero 0-0: Called Strike
0-1: 3-RUN HOME RUN (Flyball, 9D, EV 93.1 MPH), Distance : 341 ft
Batting: RHB Branden Mackie 0-0: Ball
1-0: Ball
2-0: Ball
3-0: Base on Balls
Batting: LHB Mark Friedmann 0-0: Fly out, F9 (Flyball, 9D, EV 105.6 MPH)
Batting: RHB Colin Coleman 0-0: Ball
1-0: 2-RUN HOME RUN (Line Drive, 7LD, EV 98.8 MPH), Distance : 366 ft
Batting: RHB Steve Blackshear 0-0: Called Strike
0-1: Swinging Strike
0-2: Strikes out looking
Bottom of the 2nd over - 5 runs, 2 hits, 0 errors, 0 left on base; Seattle (APP) 0 - Oakland (APP) 5
TOP OF THE 3RD
Seattle (APP) Mariners batting - Pitching for Oakland (APP) Athletics : RHP Kyle Rasor
Batting: RHB Franklin Romero 0-0: Foul Ball, location: 2F
0-1: Foul Ball, location: 2F
0-2: Ball
1-2: SINGLE (Groundball, 34, EV 98.1 MPH)
Batting: RHB John Vasquez 0-0: Ball
1-0: Called Strike
1-1: Foul Ball, location: 2F
1-2: Ball
2-2: Strikes out swinging
Batting: RHB Kikuo Sato 0-0: Called Strike
0-1: Swinging Strike
0-2: Ball
1-2: Strikes out looking
Batting: SHB Tony Morales 0-0: Called Strike
0-1: Ball
1-1: Foul Ball, location: 2F
1-2: Strikes out swinging
Top of the 3rd over - 0 runs, 1 hit, 0 errors, 1 left on base; Seattle (APP) 0 - Oakland (APP) 5
BOTTOM OF THE 3RD
Oakland (APP) Athletics batting - Pitching for Seattle (APP) Mariners : RHP Ian Gaines
Batting: RHB Matt Black 0-0: Ball
1-0: Ball
2-0: Foul Ball, location: 2F
2-1: Foul Ball, location: 2F
2-2: Foul Ball, location: 2F
2-2: Ball
3-2: Foul Ball, location: 2F
3-2: SINGLE (Flyball, 78S, EV 90.6 MPH)
Batting: RHB Josh Whaley 0-0: Ball
1-0: Ball
2-0: Ball
3-0: Called Strike
3-1: Base on Balls
Matt Black to second
Batting: LHB Augustin Cormier 0-0: Foul Ball, location: 2F
0-1: Ball
1-1: Ball
2-1: Called Strike
2-2: Foul Ball, location: 2F
2-2: Ball
3-2: Base on Balls
Matt Black to third
Josh Whaley to second
Batting: RHB Chris Temple 0-0: Foul Ball, location: 2F
0-1: Foul Ball, location: 2F
0-2: Ball
1-2: Grounds into double play, 4-6-3 (Groundball, 4, EV 86.2 MPH)
Matt Black scores
Josh Whaley to third
Batting: LHB Al Soltero 0-0: Foul Ball, location: 2F
0-1: 2-RUN HOME RUN (Flyball, 89XD, EV 103.8 MPH), Distance : 401 ft
Pitching: LHP Mitch Lewis
Batting: RHB Branden Mackie 0-0: Ball
1-0: Called Strike
1-1: Foul Ball, location: 2F
1-2: Ground out 6-3 (Groundball, 6M, EV 82.5 MPH)
Bottom of the 3rd over - 3 runs, 2 hits, 0 errors, 0 left on base; Seattle (APP) 0 - Oakland (APP) 8
TOP OF THE 4TH
Seattle (APP) Mariners batting - Pitching for Oakland (APP) Athletics : RHP Kyle Rasor
Batting: LHB Ryan Lowe 0-0: Ball
1-0: Ball
2-0: Called Strike
2-1: Ball
3-1: Base on Balls
Batting: RHB Hideo Okimura 0-0: Foul Ball, location: 2F
0-1: Ball
1-1: Foul Ball, location: 2F
1-2: SINGLE (Groundball, 3D, EV 108.8 MPH)
Ryan Lowe to second
Batting: RHB Chris Olheiser 0-0: Ball
1-0: Grounds into double play, 4-6-3 (Groundball, 4S, EV 91.2 MPH)
Ryan Lowe to third
Batting: RHB Enrique Valdez 0-0: SINGLE (Groundball, 6MD, EV 98.8 MPH)
Ryan Lowe scores
Batting: RHB Ivan Davila 0-0: Ball
1-0: Ball
2-0: Fly out, F8 (Flyball, 78D, EV 103.1 MPH)
Top of the 4th over - 1 run, 2 hits, 0 errors, 1 left on base; Seattle (APP) 1 - Oakland (APP) 8
BOTTOM OF THE 4TH
Oakland (APP) Athletics batting - Pitching for Seattle (APP) Mariners : LHP Mitch Lewis
Batting: LHB Mark Friedmann 0-0: Ball
1-0: Foul Ball, location: 2F
1-1: Foul Ball, location: 2F
1-2: Reached on error, E3 (Groundball, 34S, EV 90.0 MPH)
Batting: RHB Colin Coleman 0-0: Ball
1-0: Ball
2-0: SINGLE (Line Drive, 4D, EV 105.6 MPH)
Mark Friedmann to second
Batting: RHB Steve Blackshear 0-0: Ball
1-0: Foul Ball, location: 2F
1-1: Fly out, F9 (Flyball, 89D, EV 101.9 MPH)
Runner from 2nd tags up, SAFE at 3rd, no throw by RF
Batting: RHB Matt Black 0-0: Called Strike
0-1: Foul Ball, location: 2F
0-2: Ball
1-2: Ball
2-2: Foul Ball, location: 2F
2-2: Ball
3-2: Foul Ball, location: 2F
3-2: Strikes out looking
Colin Coleman steals 2nd base
Batter strikes out.
Batting: RHB Josh Whaley 0-0: Called Strike
0-1: Foul Ball, location: 2F
0-2: Ball
1-2: Ball
2-2: Strikes out swinging
Bottom of the 4th over - 0 runs, 1 hit, 1 error, 2 left on base; Seattle (APP) 1 - Oakland (APP) 8
TOP OF THE 5TH
Seattle (APP) Mariners batting - Pitching for Oakland (APP) Athletics : RHP Kyle Rasor
Batting: RHB Franklin Romero 0-0: Foul Ball, location: 2F
0-1: SOLO HOME RUN (Flyball, 78XD, EV 103.1 MPH), Distance : 410 ft
Batting: RHB John Vasquez 0-0: Ball
1-0: Ball
2-0: Foul Ball, location: 2F
2-1: Swinging Strike
2-2: Strikes out swinging
Batting: RHB Kikuo Sato 0-0: Ball
1-0: Ball
2-0: Ball
3-0: Base on Balls
Batting: SHB Tony Morales 0-0: Called Strike
Kikuo Sato steals 2nd base (no throw)
0-1: Ball
1-1: Swinging Strike
1-2: Ball
2-2: Ball
3-2: Foul Ball, location: 2F
3-2: Foul Ball, location: 2F
3-2: Strikes out looking
Batting: LHB Ryan Lowe 0-0: Foul Ball, location: 2F
0-1: Foul Ball, location: 2F
0-2: Ball
Wild Pitch!
Kikuo Sato to third
1-2: Foul Ball, location: 2F
1-2: Fly out, F8 (Line Drive, 8LM, EV 106.9 MPH)
Top of the 5th over - 1 run, 1 hit, 0 errors, 1 left on base; Seattle (APP) 2 - Oakland (APP) 8
BOTTOM OF THE 5TH
Oakland (APP) Athletics batting - Pitching for Seattle (APP) Mariners : LHP Mitch Lewis
Batting: LHB Augustin Cormier 0-0: SINGLE (Line Drive, 9S, EV 91.9 MPH)
Pitching: LHP Adam Parrish
Batting: RHB Chris Temple 0-0: Called Strike
0-1: Ball
1-1: Fly out, F3 (Line Drive, 3, EV 75.0 MPH)
Lined into DP, U3 (Line Drive, 3, EV 67.5 MPH)
Batting: LHB Al Soltero 0-0: Called Strike
0-1: Foul Ball, location: 2F
0-2: Foul Ball, location: 2F
0-2: Strikes out swinging
Bottom of the 5th over - 0 runs, 1 hit, 0 errors, 0 left on base; Seattle (APP) 2 - Oakland (APP) 8
TOP OF THE 6TH
Seattle (APP) Mariners batting - Pitching for Oakland (APP) Athletics : RHP Kyle Rasor
Batting: RHB Hideo Okimura 0-0: Ball
1-0: Ball
2-0: Foul Ball, location: 2F
2-1: Ground out 6-3 (Groundball, 6S, EV 80.0 MPH)
Batting: RHB Chris Olheiser 0-0: Foul Ball, location: 2F
0-1: Ball
1-1: Ball
2-1: Ball
3-1: Base on Balls
Batting: RHB Enrique Valdez 0-0: Called Strike
0-1: Ball
1-1: Ball
2-1: Ball
3-1: SINGLE (Flyball, 3D, EV 98.1 MPH)
Chris Olheiser to second
Batting: RHB Ivan Davila 0-0: Foul Ball, location: 2F
0-1: Ball
1-1: Ball
2-1: 3-RUN HOME RUN (Flyball, 9LD, EV 98.1 MPH), Distance : 346 ft
Pitching: RHP Ricky Lopez
Batting: RHB Franklin Romero 0-0: Foul Ball, location: 2F
0-1: Ball
1-1: Ball
2-1: Foul Ball, location: 2F
2-2: Ball
3-2: Foul Ball, location: 2F
3-2: Fly out, F8 (Line Drive, 8RM, EV 98.8 MPH)
Batting: RHB John Vasquez 0-0: Ball
1-0: Ground out 6-3 (Groundball, 6, EV 81.2 MPH)
Top of the 6th over - 3 runs, 2 hits, 0 errors, 0 left on base; Seattle (APP) 5 - Oakland (APP) 8
BOTTOM OF THE 6TH
Oakland (APP) Athletics batting - Pitching for Seattle (APP) Mariners : LHP Adam Parrish
Batting: RHB Branden Mackie 0-0: Called Strike
0-1: Ball
1-1: Foul Ball, location: 2F
1-2: Strikes out looking
Batting: LHB Mark Friedmann 0-0: Ball
1-0: Foul Ball, location: 2F
1-1: Ball
2-1: Ball
3-1: Called Strike
3-2: Strikes out swinging
Batting: RHB Colin Coleman 0-0: Swinging Strike
0-1: Foul Ball, location: 2F
0-2: Reached on error, E4 (Groundball, 4M, EV 102.5 MPH)
Batting: RHB Steve Blackshear 0-0: Called Strike
0-1: Foul Ball, location: 2F
0-2: Foul Ball, location: 2F
0-2: Ball
1-2: Ball
2-2: Foul Ball, location: 2F
2-2: Ball
3-2: Fly out, F9 (Flyball, 9D, EV 95.6 MPH)
Bottom of the 6th over - 0 runs, 0 hits, 1 error, 1 left on base; Seattle (APP) 5 - Oakland (APP) 8
TOP OF THE 7TH
Seattle (APP) Mariners batting - Pitching for Oakland (APP) Athletics : RHP Ricky Lopez
Batting: RHB Kikuo Sato 0-0: Called Strike
0-1: Called Strike
0-2: Ball
1-2: Strikes out swinging
Batting: SHB Tony Morales 0-0: Called Strike
0-1: Foul Ball, location: 2F
0-2: Ground out 6-3 (Groundball, 6, EV 88.8 MPH)
Batting: LHB Ryan Lowe 0-0: Called Strike
0-1: Swinging Strike
0-2: Foul Ball, location: 2F
0-2: Ball
1-2: Ball
2-2: Ball
3-2: Base on Balls
Batting: RHB Hideo Okimura 0-0: Ball
1-0: Foul Ball, location: 2F
1-1: Fly out, F9 (Flyball, 9LS, EV 82.5 MPH)
Top of the 7th over - 0 runs, 0 hits, 0 errors, 1 left on base; Seattle (APP) 5 - Oakland (APP) 8
BOTTOM OF THE 7TH
Oakland (APP) Athletics batting - Pitching for Seattle (APP) Mariners : LHP Adam Parrish
Pitching: RHP Willie Sanchez
Batting: RHB Matt Black 0-0: Ball
1-0: Ball
2-0: Foul Ball, location: 2F
2-1: Foul Ball, location: 2F
2-2: Ball
3-2: Foul Ball, location: 2F
3-2: Foul Ball, location: 2F
3-2: Base on Balls
Batting: RHB Josh Whaley 0-0: Called Strike
0-1: Called Strike
0-2: Ball
Wild Pitch!
Matt Black to second
1-2: Ball
2-2: Foul Ball, location: 2F
2-2: Ball
3-2: Ground out 6-3 (Groundball, 56, EV 86.9 MPH)
Batting: LHB Augustin Cormier 0-0: Intentional Walk
Batting: RHB Chris Temple 0-0: Reached via error on a dropped throw from 2B, E6 (Groundball, 4, EV 111.9 MPH)
Matt Black to third
Augustin Cormier to second
Batting: LHB Al Soltero 0-0: Ball
1-0: Fly out, F5 (Popup, 5F, EV 68.1 MPH)
Batting: RHB Branden Mackie 0-0: Foul Ball, location: 2F
0-1: Ball
1-1: Ball
2-1: Ball
Wild Pitch!
Matt Black scores
Augustin Cormier to third
Chris Temple to second
3-1: Fly out, F9 (Flyball, 9, EV 91.2 MPH)
Bottom of the 7th over - 1 run, 0 hits, 1 error, 2 left on base; Seattle (APP) 5 - Oakland (APP) 9
TOP OF THE 8TH
Seattle (APP) Mariners batting - Pitching for Oakland (APP) Athletics : RHP Ricky Lopez
Batting: RHB Chris Olheiser 0-0: Ball
1-0: Ball
2-0: Ball
3-0: Base on Balls
Batting: RHB Enrique Valdez 0-0: Swinging Strike
0-1: Ball
1-1: Swinging Strike
1-2: Fly out, F9 (Flyball, 9LS, EV 91.2 MPH)
Batting: RHB Ivan Davila 0-0: Foul Ball, location: 2F
0-1: Swinging Strike
0-2: Ball
1-2: Fielders Choice at 2nd, 6-4 (Groundball, 6, EV 90.0 MPH)
Batting: RHB Franklin Romero 0-0: Called Strike
0-1: Called Strike
0-2: Foul Ball, location: 2F
0-2: Ball
1-2: Strikes out swinging
Top of the 8th over - 0 runs, 0 hits, 0 errors, 1 left on base; Seattle (APP) 5 - Oakland (APP) 9
BOTTOM OF THE 8TH
Oakland (APP) Athletics batting - Pitching for Seattle (APP) Mariners : RHP Willie Sanchez
Batting: LHB Mark Friedmann 0-0: Ball
1-0: Foul Ball, location: 2F
1-1: Ball
2-1: Called Strike
2-2: Ball
3-2: Strikes out swinging
Batting: RHB Colin Coleman 0-0: Swinging Strike
0-1: Foul Ball, location: 2F
0-2: SINGLE (Groundball, 6M, EV 111.2 MPH)
Batting: RHB Steve Blackshear 0-0: Ball
1-0: Ball
2-0: Ball
3-0: Called Strike
3-1: Grounds into double play, 1-4-3 (Groundball, 15S, EV 64.4 MPH)
Bottom of the 8th over - 0 runs, 1 hit, 0 errors, 0 left on base; Seattle (APP) 5 - Oakland (APP) 9
TOP OF THE 9TH
Seattle (APP) Mariners batting - Pitching for Oakland (APP) Athletics : RHP Ricky Lopez
Pitching: RHP A.J. Marston
Batting: RHB John Vasquez 0-0: Called Strike
0-1: Ball
1-1: Ball
2-1: Ground out 3-1 (Groundball, 34, EV 79.4 MPH)
Batting: RHB Kikuo Sato 0-0: Ball
1-0: Ball
2-0: Called Strike
2-1: Foul Ball, location: 2F
2-2: Foul Ball, location: 2F
2-2: Ball
3-2: Ground out 5-3 (Groundball, 56, EV 78.1 MPH)
Batting: SHB Tony Morales 0-0: Ball
1-0: Called Strike
1-1: Swinging Strike
1-2: Foul Ball, location: 2F
1-2: Strikes out looking
Top of the 9th over - 0 runs, 0 hits, 0 errors, 0 left on base; Seattle (APP) 5 - Oakland (APP) 9
Thursday, March 31st , 2022 - OOTP Baseball 22.12 Build 89